 Dungeon Crawl Stone Soup version 0.18-a0-1354-gbc5753f (webtiles) character file.

183 Ratboiler the Shooter (level 5, -1/29 HPs)
             Began as a Deep Elf Wanderer on Feb 19, 2016.
             Slain by a river rat (7 damage)
             ... in a sewer.
             The game lasted 00:10:37 (3174 turns).

Ratboiler the Shooter (Deep Elf Wanderer)           Turns: 3174, Time: 00:10:37

Health: -1/29      AC:  8    Str:  9    XL:     5   Next: 35%
Magic:  13/13      EV:  9    Int: 16    God:
Gold:   138        SH:  0    Dex: 16    Spells: 0 memorised, 12 levels left

rFire  . . .     SeeInvis .     a - +2 shortbow
rCold  . . .     Gourm    .     c - +1 ring mail
rNeg   . . .     Faith    .     (shield currently unavailable)
rPois  .         Spirit   .     (no helmet)
rElec  .         Dismiss  .     B - +0 cloak
rCorr  .         Reflect  .     u - +0 pair of gloves
SustAt .         Harm     .     (no boots)
MR     +....                    (no amulet)
Stlth  ++........               (no ring)
                                n - ring of protection from magic

@: somewhat resistant to hostile enchantments, unstealthy
A: no striking features
a: no special abilities


You were in a sewer.
You were not hungry.

You visited 1 branch of the dungeon, and saw 3 of its levels.
You also visited: Sewer.

You collected 138 gold pieces.

Inventory:

Hand Weapons
 a - a +2 shortbow (weapon)
 b - a +1 whip
 i - a +0 club
 C - a +0 great sword
Missiles
 e - 49 arrows (quivered)
 k - 30 stones
 p - 18 bolts of frost
Armour
 c - a +1 ring mail (worn)
 u - a +0 pair of gloves (worn)
 B - a +0 cloak (worn)
Jewellery
 n - a ring of protection from magic (left hand)
Wands
 w - a wand of iceblast (8/15)
 A - a wand of flame (19/48)
Scrolls
 j - a scroll of identify
 s - a scroll of amnesia {unknown}
 v - a scroll of teleportation {unknown}
 y - a scroll of remove curse
Potions
 m - a potion of lignification
 o - a potion of ambrosia {unknown}
 r - a potion of mutation {unknown}
 z - a potion of resistance
Books
 d - the Disquisition on the Mountains

   Spells                             Type                      Level
   a - Sandblast                      Earth                        1
   b - Stone Arrow                    Conjuration/Earth            3
Comestibles
 f - 2 bread rations
 g - a beef jerky


   Skills:
 - Level 1.5 Fighting
 + Level 4.8 Bows
 - Level 4.0 Stealth
   Level 1.0 Shields
 - Level 4.4 Spellcasting
   Level 2.1 Earth Magic


You had 12 spell levels left.
You didn't know any spells.

Dungeon Overview and Level Annotations

Branches:
Dungeon (3/15)

Altars:
Xom


Message History

Firing (i - inventory. (,) - cycle):
e - 52 arrows (quivered)
Press: ? - help, Shift-Dir - straight line, f/p - river rat
Aim: a river rat (lightly wounded)
You shoot an arrow. The arrow hits the river rat.
The river rat is severely wounded.
The river rat bites you!
* * * LOW HITPOINT WARNING * * *
The river rat bites you.
* * * LOW HITPOINT WARNING * * *
Firing (i - inventory. (,) - cycle):
e - 51 arrows (quivered)
Press: ? - help, Shift-Dir - straight line, f/p - river rat
Aim: a river rat (severely wounded)
You shoot an arrow. The arrow barely misses the river rat.
The river rat bites you but does no damage.
Firing (i - inventory. (,) - cycle):
e - 50 arrows (quivered)
Press: ? - help, Shift-Dir - straight line, f/p - river rat
Aim: a river rat (severely wounded)
You shoot an arrow. The arrow closely misses the river rat.
The river rat bites you!
You die...

#≈≈≈≈≈≈# #≈≈≈≈≈≈#
#≈≈≈≈≈≈# #≈≈≈≈≈≈#
#≈≈≈≈≈≈# #≈≈≈≈≈≈#
#...≈≈.# #.≈..≈.#
#......## #......#
##......######......##
#........##........#
##................#
##.......÷@r...(#
###.......†..###
####...=#### ######


You could see a river rat.

Vanquished Creatures
  9 adders
  2 oozes
  2 worms (D:2)
  A giant gecko (D:2)
  8 ball pythons (Sewer)
  7 giant cockroaches
  6 goblins
  5 hobgoblins
  3 jackals (D:1)
  9 kobolds
  8 bats
  6 giant newts
  30 rats
96 creatures vanquished.

Notes
Turn   | Place    | Note
--------------------------------------------------------------
     0 | D:1      | Ratboiler the Deep Elf Wanderer began the quest for the Orb.
     0 | D:1      | Ratboiler set off with: a +2 shortbow, 20 arrows, a +0 ring mail, the Disquisition on the Mountains, a bread ration
     0 | D:1      | Reached XP level 1. HP: 12/12 MP: 7/7
     0 | D:1      | Identified the Disquisition on the Mountains
   250 | D:1      | Reached XP level 2. HP: 10/16 MP: 9/9
  1187 | D:1      | Reached XP level 3. HP: 16/20 MP: 10/10
  1879 | D:2      | Reached XP level 4. HP: 23/25 MP: 12/12
  2169 | D:2      | Found a shimmering altar of Xom.
  2654 | D:3      | Found a glowing drain.
  2712 | Sewer    | Entered a sewer
  2736 | Sewer    | Reached XP level 5. HP: 24/29 MP: 13/13
  3174 | Sewer    | Slain by a river rat

Vault maps used:
D:1:      lightli_arrival_statue_moat
D:2:      xom_butterflies
D:3:      grunt_temple_overflow_open, ecumenical_altar_1, first_bread,
          gup_sewer_entry_glass, nicolae_gozag_cash_rules_everything_around_me
Sewer:    sewer_minmay_w

Action                   |  1- 3 |  4- 6 || total
-------------------------+-------+-------++-------
Melee: Club              |    26 |       ||    26
       Whip              |   105 |   151 ||   256
 Fire: Shortbow          |    10 |    54 ||    64
Throw: Stone             |     4 |       ||     4
  Use: Scroll            |     3 |     2 ||     5
       Potion            |       |     5 ||     5
 Stab: Sleeping          |     1 |       ||     1
       Invisible         |       |     7 ||     7
  Eat: Chunk             |     3 |     5 ||     8
